 Dungeon Crawl Stone Soup version 0.31-a0-437-g7cee417757 (webtiles) character file.

Game seed: 16113640531350555100

175 Ethylacetat the Insei (level 5, 0/29 HPs)
             Began as a Vine Stalker Monk on Aug 2, 2023.
             Slain by a scorpion (2 damage)
             ... on level 4 of the Dungeon.
             The game lasted 00:02:38 (1802 turns).

Ethylacetat the Insei (Vine Stalker Monk)           Turns: 1802, Time: 00:02:39

Health: 0/29       AC:  2    Str: 13    XL:     5   Next: 55%
Magic:  0/6        EV: 13    Int: 10    God:
Gold:   150        SH:  0    Dex: 19    Spells: 4/4 levels left

rFire   . . .        o - +1 dagger (venom)
rCold   . . .        c - orb {light}
rNeg    . . .        a - +0 robe
rPois   .            l - +0 hat
rElec   .            (no cloak)
rCorr   .            (no gloves)
SInv    .            (no boots)
Will    .....        (no amulet)
Stlth   +            n - ring of wizardry
HPRegen 1.04/turn    (no ring)
MPRegen 0.10/turn

%: guardian spirit, wizardry (x1)
@: lethally poisoned (0 -> 0), glowing
A: fangs 2, regeneration 1, magic shield, antimagic bite, no potion heal 2
a: no special abilities


You were on level 4 of the Dungeon.
You visited 1 branch of the dungeon, and saw 4 of its levels.

You collected 150 gold pieces.

Inventory:

Hand Weapons
 o - a +1 dagger of venom (weapon)
Missiles
 m - 6 darts of dispersal
Armour
 a - a +0 robe (worn)
 c - an orb of light (worn)
 l - a +0 hat (worn)
Jewellery
 n - a ring of wizardry (left hand)
 s - a ring of positive energy
Scrolls
 e - a scroll of immolation {unknown}
 g - a scroll of revelation {unknown}
 i - 3 scrolls of fear {unknown}
 k - a scroll of summoning {unknown}
 p - a scroll of noise {unknown}
 t - a scroll of silence {unknown}
Potions
 b - a potion of ambrosia
 d - a potion of haste {unknown}
 f - a potion of mutation {unknown}
 h - a potion of heal wounds {unknown}
 j - a potion of curing
 q - a potion of attraction {unknown}
 r - a potion of cancellation {unknown}


   Skills:
 + Level 3.8 Fighting
 + Level 3.4 Dodging
 + Level 4.2 Unarmed Combat


You had 4 spell levels left.
You didn't know any spells.
Your spell library contained the following spells:

 Spells                   Type           Power      Damage    Failure   Level
 Sandblast                Erth           0%         2d4       16%         1
 Passwall                 Tmut/Erth      0%         N/A       22%         2
 Stone Arrow              Conj/Erth      0%         3d7       41%         3


Dungeon Overview and Level Annotations

Branches:
Dungeon (4/15)
 Temple: D:4-7

Altars:


Innate Abilities, Weirdness & Mutations

You have extremely sharp teeth.
Your natural rate of healing is unusually fast.
When hurt, damage is shared between your health and your magic reserves.
Your bite disrupts and absorbs the magic of your enemies.
Potions cannot restore your health.


Message History

You drain its power.
The black bear is lightly wounded.
The black bear misses you. The black bear closely misses you.
The black bear claws you but does no damage.
You hit the black bear.
The black bear looks even sicker.
The black bear is lightly wounded.
The black bear barely misses you. x2; The black bear closely misses you.
You barely miss the black bear. Your bite misses the black bear.
The black bear is lightly wounded.
The black bear bites you!
The black bear claws you but does no damage.
The black bear claws you.
You hit the black bear.
The black bear looks as sick as possible!
The black bear is moderately wounded.
The scorpion stings you.
You are poisoned.
The scorpion poisons you! The black bear misses you.
The black bear closely misses you. The black bear claws you.
You hit the scorpion.
The scorpion is lightly wounded.
You feel sick. The scorpion barely misses you. The black bear bites you.
The black bear claws you. x2
* * * LOW HITPOINT WARNING * * *
The scorpion barely misses you.
You hit the scorpion.
You bite the scorpion, but do no damage.
The scorpion is moderately wounded.
You feel sick. The scorpion stings you.
* * * LOW HITPOINT WARNING * * *
The black bear bites you.
* * * LOW HITPOINT WARNING * * *
The black bear claws you but does no damage.
The black bear claws you.
* * * LOW HITPOINT WARNING * * *
You hit the black bear. You bite the black bear. You drain its power.
You feel invigorated.
The black bear is heavily wounded.
You feel sick. The scorpion stings you.
You die...

#.#.....#####..
#.#.##.## #.. #.#.##.#
#.. #......# ###
#.....## #.###.# # #.#
#.# ######
..<#######.###.## #.....
...?..h@........###.....
......s.................
................###.....
...#####..>......##.....
.. #.........####### .
#.<.......# #
#........## #........#
### #........#### #..


You could see a black bear (extremely poisoned) and a scorpion.

Vanquished Creatures
  An orc priest (D:3)
  An orc wizard (D:3)
  5 adders
  2 dart slugs
  12 orcs
  5 bats
  4 endoplasms
  3 giant cockroaches
  7 hobgoblins
  4 jackals (D:3)
  3 kobolds
  3 quokkas
  A ball python (D:1)
  A frilled lizard (D:2)
  3 goblins (D:1)
  4 rats
59 creatures vanquished.

Notes
Turn   | Place    | Note
-------+----------+-------------------------------------------
     0 | D:1      | Ethylacetat the Vine Stalker Monk began the quest for the
                  | Orb.
     0 | D:1      | Reached XP level 1. HP: 11/11 MP: 2/2
    93 | D:1      | Reached XP level 2. HP: 16/16 MP: 3/3
   524 | D:2      | Reached XP level 3. HP: 17/20 MP: 4/4
  1013 | D:2      | Gained mutation: Your natural rate of healing is unusually
                  | fast. [Vine Stalker growth]
  1013 | D:2      | Reached XP level 4. HP: 19/24 MP: 3/5
  1459 | D:3      | Reached skill level 4 in Unarmed Combat
  1459 | D:3      | Reached XP level 5. HP: 23/29 MP: 6/6
  1792 | D:4      | Noticed a black bear
  1802 | D:4      | Slain by a scorpion

Illustrated notes

Levels and vault maps discovered:
D:1:      heliophobic_arrival_henge, layout_rooms
D:2:      layout_basic, nicolae_figureground_pulse
D:3:      layout_rooms
D:4:      layout_loops_cross, minitemple, cheibrodos_worm_habitat,
          uniq_crazy_yiuf_cottage, uniq_ijyb

Skill      XL: |  1  2  3  4 |
---------------+-------------+-----
Fighting       | 3 |  3.8
Dodging        | 3 |  3.4
Unarmed Combat | 4 |  4.2

Action                     |  1- 3 |  4- 6 || total
---------------------------+-------+-------++-------
  Melee: Unarmed           |    72 |    41 ||   113
         Bite              |    16 |    33 ||    49
         Dagger            |       |    42 ||    42
    Use: Potion            |     1 |       ||     1
 Armour: Robe              |     4 |     7 ||    11
  Dodge: Dodged            |    42 |    59 ||   101

Table legend: (Time is in decaauts)
 A = Elapsed time spent in this place.
 B = Non-inter-level travel time spent in this place.
 C = Inter-level travel time spent in this place.
 D = Time resting spent in this place.
 E = Time spent auto-exploring this place.
 F = Levels seen in this place.
 G = Mean time per level.
                   A        B        C        D        E       F      G
               +--------+--------+--------+--------+--------+-----+--------+
         Total |   1793 |   1728 |     65 |      0 |   1401 |   4 |  448.2 |
       Dungeon |   1793 |   1728 |     65 |      0 |   1401 |   4 |  448.2 |
               +--------+--------+--------+--------+--------+-----+--------+

Top non-repeatable levels by time:
     D:2: 866 daAuts
     D:3: 424 daAuts
     D:1: 356 daAuts
     D:4: 146 daAuts
